 Dungeon Crawl Stone Soup version 0.29.1-2-gbd0b4ee654 (webtiles) character file.

Game seed: 5100831419658949105

5294 MisterFreud the Blocker (level 10, 0/74 HPs)
             Began as a Formicid Gladiator on Oct 26, 2022.
             Was a Priest of Yredelemnul.
             Killed from afar by an orc wizard (9 damage)
             ... with a puff of flame
             ... on level 9 of the Dungeon.
             The game lasted 00:13:13 (10202 turns).

MisterFreud the Blocker (Formicid Gladiator)       Turns: 10202, Time: 00:13:13

Health: 0/74       AC: 13    Str: 24    XL:     10   Next: 94%
Magic:  16/16      EV:  7    Int:  9    God:    Yredelemnul [***...]
Gold:   250        SH: 30    Dex: 17    Spells: 9/9 levels left

rFire   . . .      SeeInvis +   a - +1 quarterstaff (freeze)
rCold   . . .      Faith    .   x - +8 tower shield of the Wumpus {Str+4}
rNeg    . . .      Spirit   .   j - +1 chain mail
rPois   +          Reflect  +   (helmet unavailable)
rElec   .          Harm     .   v - +0 cloak
rCorr   .          Rampage  .   C - +0 pair of gloves
Will    +....                   (no boots)
Stlth   ..........              o - amulet of reflection
HPRegen 0.22/turn               w - ring of poison resistance
MPRegen 0.15/turn               (no ring)

@: no status effects
A: permanent stasis, dig shafts and tunnels, antennae 3, four strong arms
a: Dig, Shaft Self, Renounce Religion, Recall Undead Harvest, Dark Bargain


You were on level 9 of the Dungeon.
You worshipped Yredelemnul.
Yredelemnul was aware of your devotion.
You visited 2 branches of the dungeon, and saw 10 of its levels.
You also visited: Sewer.

You collected 547 gold pieces.
You spent 297 gold pieces at shops.

Inventory:

Hand Weapons
 a - a +1 quarterstaff of freezing (weapon)
Missiles
 c - 5 throwing nets
 d - 3 javelins
 h - 2 boomerangs of dispersal
 i - 5 boomerangs
 l - 2 silver javelins
 n - 23 poisoned darts (quivered)
 y - 7 curare-tipped darts
Armour
 b - a +0 leather armour
 j - a +1 chain mail (worn)
 v - a +0 cloak (worn)
 x - the +8 tower shield of the Wumpus (worn) {Str+4}
   (You found it on level 4 of the Dungeon)

   Str:       It affects your strength (+4).
 C - a +0 pair of gloves (worn)
Jewellery
 o - an amulet of reflection (around neck)
 w - a ring of poison resistance (left hand)
 A - a ring of protection from fire
Wands
 p - a wand of roots (18)
 D - a wand of charming (4)
Scrolls
 r - a scroll of fear
 t - 3 scrolls of magic mapping
 u - 4 scrolls of summoning
 B - 2 scrolls of brand weapon
 E - a scroll of enchant weapon
 F - a scroll of poison
 G - 3 scrolls of identify
 H - a scroll of amnesia
Potions
 e - 2 potions of attraction
 f - 2 potions of mutation
 g - 5 potions of curing
 k - a potion of brilliance
 m - 3 potions of heal wounds
 q - 3 potions of flight
 s - 4 potions of lignification
 z - a potion of berserk rage


   Skills:
 - Level 5.0 Fighting
 + Level 9.2 Staves
 - Level 5.0 Throwing
 - Level 5.0 Armour
 - Level 2.6 Dodging
 - Level 10.0 Shields
 - Level 8.0 Invocations


You had 9 spell levels left.
You didn't know any spells.
Your spell library contained the following spells:

 Spells                   Type           Power      Damage    Failure   Level
 Freeze                   Ice            0%         1d3       100%        1
 Sting                    Tmut/Pois      0%         1d3       100%        1
 Poisonous Vapours        Pois/Air       0%         N/A       100%        2
 Frozen Ramparts          Ice            0%         1d1       100%        3
 Gell's Gravitas          Tloc           0%         N/A       100%        3
 Inner Flame              Hex/Fire       0%         N/A       100%        3
 Lesser Beckoning         Tloc           0%         N/A       100%        3
 Stone Arrow              Conj/Erth      0%         3d7       100%        3
 Teleport Other           Tloc           0%         N/A       100%        3
 Animate Armour           Summ/Erth      0%         N/A       100%        4
 Cause Fear               Hex            0%         N/A       100%        4
 Hailstorm                Conj/Ice       0%         3d3       100%        4
 Olgreb's Toxic Radiance  Pois           0%         N/A       100%        4
 Discord                  Hex            0%         N/A       100%        8
 Lehudib's Crystal Spear  Conj/Erth      0%         10d2      100%        8


Dungeon Overview and Level Annotations

Branches:
Dungeon (9/15)             Temple (1/1) D:4            Lair (0/5) D:9
  Sewer (visited)
    Orc: D:9-12

Altars:
Dithmenos
Elyvilon
Gozag
Hepliaklqana
Kikubaaqudgha
Makhleb
Nemelex Xobeh
Okawaru
Qazlal
Ru
Sif Muna
Trog
Uskayaw
Xom
Yredelemnul
Zin
The Shining One

Shops:
D:1 [!(!?   D:3 *   D:5 :   D:9 (

Annotations:
D:7 3 runed translucent doors, Badistic's ghost, novice DsBe


Innate Abilities, Weirdness & Mutations

You cannot be hasted, slowed, berserked, paralysed or teleported.
You can dig through walls and to a lower floor.
You have a pair of large antennae on your head. (SInv)
Your four strong arms can wield two-handed weapons with a shield.


Message History

Your troll zombie appears confused.
Your orc warrior zombie barely misses the orc.
Your troll zombie bites you!
Your troll zombie claws you but does no damage.
Your troll zombie claws you!
Your troll zombie bites itself!
Your troll zombie claws itself.
Your troll zombie claws itself!
You feel less confused. The orc hits you but does no damage.
The orc wizard hits your troll zombie with a +0 dagger.
The orc wizard closely misses you.
The orc priest invokes the aid of Beogh against you.
Beogh smites you!
The orc wizard points at you and mumbles some strange words.
The magic dart hits you!
* * * LOW HITPOINT WARNING * * *
You block the orc's attack. The orc misses your orc warrior zombie.
Your orc warrior zombie misses the orc.
Are you sure you want to shaft yourself?
You block the orc wizard's attack.
The orc hits your orc warrior zombie with a +0 hand axe.
You block the orc's attack.
The orc wizard points at you and mumbles some strange words.
The puff of flame hits you!
* * * LOW HITPOINT WARNING * * *
You block the orc's attack.
The orc wizard hits your troll zombie with a +0 dagger.
Your orc warrior zombie hits the orc.
You begin to dig a shaft.
You continue digging a shaft.
The orc hits your orc warrior zombie with a +0 hand axe!
Your orc warrior zombie is destroyed!
The orc hits you but does no damage.
The orc wizard points at you and mumbles some strange words.
The magic dart hits you.
* * * LOW HITPOINT WARNING * * *
The orc priest calls upon Beogh to heal the orc.
The orc wizard is healed somewhat.
You block the orc's attack. The orc wizard casts a spell at you.
The puff of flame hits you!
You die...
Your body rises from the dead as a mindless zombie.

.#.#.
.......{'ZZ......# .
.......Z###########
.#
........Z.........#
...
.........Z........#
#.#
..######...Z......#
... .
#....#.....{...(# ..
#####....#.....Z....#
.....oo.Z#######'####
.....oo@ZZZZ..#Z{..#
.....oooZZ...Z#....#
......oo......'....#
..............#....#
####################


You could see an orc warrior, 2 orc priests, 3 orc wizards, 3 orcs, 3 friendly
orc zombies, a friendly orc warrior zombie, a friendly orc priest zombie, 2
friendly orc wizard zombies and a friendly troll zombie (confused).

Vanquished Creatures
  A gargoyle (D:6)
  A kobold demonologist (D:7)
  A troll (D:9)
  Sigmund (D:6)
  3 steam dragons
  2 water moccasins (D:7)
  4 orc warriors
  2 sky beasts
  2 black bears
  2 ogres
  A centaur (D:5)
  2 kobold brigands (D:7)
  3 gnoll sergeants
  5 bullfrogs
  2 necrophages
  4 scorpions (D:6)
  4 wights (D:7)
  A killer bee (D:7)
  2 howler monkeys
  3 orc priests
  2 hounds
  A jelly (D:6)
  An iguana (D:5)
  Jessica (D:3)
  5 orc wizards
  A hell rat (Sewer)
  7 adders
  13 gnolls
  A river rat (Sewer)
  2 shadow imps
  2 ufetubi
  3 worms
  4 dart slugs
  12 orcs
  7 ball pythons
  7 bats
  8 endoplasms
  6 giant cockroaches
  7 goblins
  13 hobgoblins
  5 jackals
  14 kobolds
  A quokka (D:3)
  6 frilled lizards
  10 rats
185 creatures vanquished.

Vanquished Creatures (collateral kills)
  A wraith (D:9)
  2 centaurs (D:7)
  A kobold brigand (D:9)
  2 bullfrogs (D:7)
  A wight (D:7)
  A gnoll bouda (D:7)
  An orc priest (D:7)
  A hound (D:6)
  2 orc wizards
  6 gnolls
  3 orcs (D:9)
  A jackal (D:5)
  3 kobolds (D:7)
  A rat (Sewer)
26 creatures vanquished.

Vanquished Creatures (others)
  A water moccasin zombie (D:7)
  A bullfrog zombie (D:7)
  A black bear zombie (D:6)
  An orc wizard (D:8)
  A killer bee zombie (D:7)
  An ogre zombie (D:6)
  2 hound zombies
  A howler monkey zombie (D:6)
  An iguana zombie (D:5)
  A jelly zombie (D:6)
  An adder zombie (D:4)
  3 gnoll zombies
  A ball python zombie (D:4)
  3 kobold zombies
  6 orc zombies
  A rat zombie (Sewer)
  3 plants (D:1)
29 creatures vanquished.

Grand Total: 240 creatures vanquished

Notes
Turn   | Place    | Note
-------+----------+-------------------------------------------
     0 | D:1      | MisterFreud the Formicid Gladiator began the quest for the
                  | Orb.
     0 | D:1      | Reached XP level 1. HP: 16/16 MP: 1/1
     1 | D:1      | Noticed an electric eel
   296 | D:1      | Reached XP level 2. HP: 22/22 MP: 2/2
   296 | D:1      | Found Laenauz's Antique Weapon Shoppe.
   309 | D:1      | Found Mamuuz's Distillery.
   424 | D:1      | Found Joufor's Distillery.
   502 | D:1      | Found Gintioc's Antique Armour Emporium.
   756 | D:1      | Reached XP level 3. HP: 27/27 MP: 3/3
   983 | D:1      | Found Uma Rokumo's Magic Scroll Shoppe.
  1746 | D:2      | Found a faded altar of an unknown god.
  1829 | D:2      | Reached XP level 4. HP: 19/28 MP: 4/4
  2258 | D:2      | Reached skill level 5 in Staves
  2564 | D:1      | Bought a potion of curing for 33 gold pieces
  2564 | D:1      | Bought a potion of heal wounds for 55 gold pieces
  2906 | D:3      | Reached XP level 5. HP: 38/38 MP: 5/5
  3008 | D:3      | Noticed Jessica
  3023 | D:3      | Killed Jessica
  3659 | D:3      | Found Zeahanall's General Store.
  3741 | D:4      | Found a staircase to the Ecumenical Temple.
  3747 | Temple   | Entered the Ecumenical Temple
  3774 | Temple   | Became a worshipper of Yredelemnul the Dark
  3816 | D:4      | Found a glowing drain.
  3843 | Sewer    | Entered a sewer
  3947 | Sewer    | Reached skill level 1 in Armour
  3947 | Sewer    | Reached XP level 6. HP: 46/46 MP: 6/6
  4237 | D:4      | Reached * piety under Yredelemnul
  4320 | D:4      | Noticed a black bear
  4335 | D:4      | Killed a black bear
  4336 | D:4      | Reached XP level 7. HP: 18/53 MP: 7/7
  4883 | D:4      | Identified the +8 tower shield of the Wumpus {Str+4}
  5077 | D:5      | Entered Level 5 of the Dungeon
  5142 | D:5      | Reached skill level 1 in Shields
  5183 | D:5      | Reached skill level 2 in Shields
  5191 | D:5      | Found Taatas's Book Emporium.
  5746 | D:6      | Reached skill level 3 in Shields
  5746 | D:6      | Reached XP level 8. HP: 45/61 MP: 8/8
  5873 | D:6      | Reached ** piety under Yredelemnul
  5874 | D:6      | Reached skill level 5 in Fighting
  5982 | D:6      | Reached skill level 4 in Shields
  6073 | D:6      | Noticed Sigmund
  6082 | D:6      | Killed Sigmund
  6083 | D:6      | Reached skill level 5 in Armour
  6110 | D:6      | Reached *** piety under Yredelemnul
  6111 | D:6      | Reached skill level 5 in Throwing
  6111 | D:6      | Reached skill level 5 in Shields
  6208 | D:6      | Reached XP level 9. HP: 68/68 MP: 9/9
  6217 | D:6      | Reached skill level 6 in Shields
  6251 | D:6      | Reached skill level 7 in Shields
  6288 | D:6      | Noticed a gargoyle
  6298 | D:6      | Killed a gargoyle
  6299 | D:6      | Reached skill level 8 in Shields
  6666 | D:6      | Reached skill level 9 in Shields
  6904 | D:1      | Bought 2 scrolls of brand weapon for 209 gold pieces
  7351 | D:7      | Noticed a kobold demonologist
  7361 | D:7      | Killed a kobold demonologist
  7362 | D:7      | Reached skill level 10 in Shields
  7376 | D:7      | Found a runed translucent gate.
  7378 | D:7      | Found a runed translucent gate.
  7378 | D:7      | Found an opulent altar of Gozag.
  7378 | D:7      | Found a runed translucent gate.
  7380 | D:7      | Noticed a tengu warrior
  7380 | D:7      | Noticed Badistic's ghost (novice DsBe)
  7380 | D:7      | Noticed a two-headed ogre
  7501 | D:7      | Identified the +5 chain mail "Nolas" {rN+ Slay-5 Stlth+}
  7573 | D:7      | Reached XP level 10. HP: 74/74 MP: 12/12
  7820 | D:7      | Reached skill level 5 in Invocations
  9853 | D:9      | Found a shadowy altar of Dithmenos.
 10138 | D:9      | Found Fanlousu's Weapon Shop.
 10141 | D:9      | Found a staircase to the Lair.
 10202 | D:9      | Killed from afar by an orc wizard

Illustrated notes

Levels and vault maps discovered:
D:1:      arrival_aquarium_a, layout_basic, serial_shops, shop,
          nicolae_shop_trees, shop_fountains, shop_fountains, shop,
          hex_intersection, serial_bayou_lagoon_a
D:2:      layout_basic, dreamdust_ecumenical_altar_hidden_monk_grotto,
          minmay_goblin_outpost
D:3:      layout_basic, serial_shops, nicolae_lakefront_shop, uniq_jessica
D:4:      layout_basic, minmay_temple_entry_statues_pillars,
          gup_sewer_entry_glass, dk_noncrumbling_3, kennysheep_generic_room_9
D:5:      layout_gridville, serial_shops, kennysheep_mini
D:6:      layout_basic, uniq_sigmund
D:7:      layout_gridville, ebering_ghost_gozag, minmay_joined_circles
D:8:      layout_basic
D:9:      layout_gridville, mainiacjoe_overflow_boulevard, lair_entry_dummy,
          kennysheep_orc_monster_closet_entryway, serial_shops, shop,
          st_stairs_11, uniq_psyche
Temple:   nicolae_temple_bog_church

Skill      XL: |  1  2  3  4  5  6  7  8  9 10 |
---------------+-------------------------------+-----
Staves         | 4 5 6 9 |  9.2
Armour         | 1 2 4 5 |  5.0
Fighting       | 3 4 5 |  5.0
Shields        | 3 5 10 | 10.0
Throwing       | 5 |  5.0
Invocations    | 3 8 |  8.0
Dodging        | |  2.6

Action                   |  1- 3 |  4- 6 |  7- 9 | 10-12 || total
-------------------------+-------+-------+-------+-------++-------
Melee: Quarterstaff      |    96 |   166 |   185 |   183 ||   630
       Punch             |       |     3 |       |       ||     3
Throw: Dart              |       |     6 |       |       ||     6
       Boomerang         |       |     1 |       |       ||     1
 Abil: Shaft Self        |       |       |       |     1 ||     1
  Use: Scroll            |     3 |     7 |     4 |     6 ||    20
 Stab: Sleeping          |     2 |       |       |       ||     2
       Distracted        |       |     1 |     3 |     3 ||     7
       Held in net/web   |       |       |       |     1 ||     1
Armor: Leather armour    |    16 |       |       |       ||    16
       Chain mail        |    20 |    87 |    54 |    58 ||   219
Dodge: Dodged            |    54 |    57 |    26 |    31 ||   168
Block: Tower shield      |       |       |   250 |   308 ||   558
       Reflection        |       |       |     4 |     4 ||     8
